 Dungeon Crawl Stone Soup version 0.14-a0-1837-g7fb8695 (webtiles) character file.

1154 Jenx the Spear-Bearer (level 8, -3/62 HPs)
             Began as a Merfolk Skald on Jan 10, 2014.
             Was an Initiate of Ashenzari.
             Killed by divine providence
             ... invoked by an orc priest
              (12 damage)
             ... on Level 5 of the Dungeon.
             The game lasted 00:22:37 (7435 turns).

Jenx the Spear-Bearer (Merfolk Skald)               Turns: 7435, Time: 00:22:37

HP  -3/62        AC  6     Str 15      XL: 8   Next: 13%
MP  12/16        EV 13     Int 14      God: Ashenzari [......]
Gold 205         SH  0     Dex 16      Spells:  4 memorised,  4 levels left

rFire  . . .     SeeInvis .     a - +1 spear (pierce)
rCold  . . .     Clarity  .     k - +0 leather armour
rNeg   . . .     Conserve .     (no shield)
rPois  .         rCorr    .     (no helmet)
rElec  .         rRot     .     x - +1 cloak
SustAb . .       Spirit   .     (no gloves)
rMut   .         Warding  .     v - +0 pair of boots
Gourm  +         Stasis   .     f - cursed amulet of the gourmand
                                p - ring of Megalomania {Str+3 Dex+3}
                                t - ring of wizardry

@: regenerating, slightly resistant to hostile enchantments, unstealthy
A: change form in water, swift swim
a: Renounce Religion


You were on level 5 of the Dungeon.
You worshipped Ashenzari.
Ashenzari was noncommittal.
You were very full.

You visited 2 branches of the dungeon, and saw 6 of its levels.

You collected 205 gold pieces.

Inventory:

Hand weapons
 a - a +1,+1 spear of piercing (weapon)
 b - a +2 elven blowgun
 j - a +1,+1 whip of holy wrath
 A - a +1,+3 spear
Missiles
 q - 10 poisoned needles
 F - 5 tomahawks (quivered)
Armour
 k - a +0 leather armour (worn)
 v - a +0 pair of boots (worn)
 x - a +1 cloak (worn)
Magical devices
 H - a wand of fireball (5)
Comestibles
 d - 4 bread rations
 h - a chunk of worm flesh
 z - a meat ration
Scrolls
 e - 3 scrolls of enchant weapon II
 g - 3 scrolls of remove curse
 m - 2 scrolls of magic mapping
 n - a scroll of recharging {unknown}
 s - a scroll of blinking {unknown}
 u - 2 scrolls of teleportation {unknown}
 y - a scroll of enchant armour {unknown}
 D - a scroll of identify
Jewellery
 f - a cursed amulet of the gourmand (around neck)
 p - the ring of Megalomania (right hand) {Str+3 Dex+3}
   (You found it on level 5 of the Dungeon)

   [ring of strength]

   It affects your strength (+3).
   It affects your dexterity (+3).
 t - a ring of wizardry (left hand)
Potions
 i - a potion of speed
 l - a potion of degeneration {unknown}
 o - a potion of restore abilities {unknown}
Books
 c - a book of Battle

   Spells                             Type                      Level
   *Infusion                          Charms                       1
   Shroud of Golubria                 Charms/Translocation         2
   *Song of Slaying                   Charms                       2
   *Spectral Weapon                   Hexes/Charms                 3
   *Regeneration                      Charms/Necromancy            3
 w - a book of Wizardry

   Spells                             Type                      Level
   Summon Elemental                   Summoning                    4
   Agony                              Necromancy                   5
   Force Lance                        Conjuration                  5
   Fireball                           Conjuration/Fire             5
   Haste                              Charms                       6
   Invisibility                       Hexes                        6


   Skills:
 + Level 5.0 Fighting
 + Level 8.9 Polearms
 - Level 0.6 Armour
 - Level 4.1 Dodging
 - Level 3.0 Spellcasting
 - Level 5.1 Charms


You had 4 spell levels left.
You knew the following spells:

 Your Spells              Type           Power        Failure   Level  Hunger
a - Infusion              Chrm           ###...       1%          1    #......
b - Song of Slaying       Chrm           ###.....     1%          2    ##.....
c - Regeneration          Chrm/Necr      #.........   10%         3    ###....
d - Spectral Weapon       Hex/Chrm       #.......     10%         3    ###....


Dungeon Overview and Level Annotations

Branches:
Dungeon (5/16)             Temple (1/1) D:4

Altars:
Ashenzari
Cheibriados
Elyvilon
Fedhas
Kikubaaqudgha
Makhleb
Nemelex Xobeh
Okawaru
Sif Muna
Trog
Vehumet
Xom
Yredelemnul
Zin
the Shining One

Shops:
D:5 /

Annotations:
D:5 Hasting wand 360 gp


Message History

You hit the orc priest but do no damage.
The orc priest invokes the aid of Beogh against you.
Something smites you!
* * * LOW HITPOINT WARNING * * *
The orc hits you but does no damage.
An orc comes into view. It is wielding an orcish dagger.
Casting: Infusion
Confirm with . or Enter, or press ? or * to list all spells.
Your attacks are magically infused.
The orc priest hits you with an orcish flail!
* * * LOW HITPOINT WARNING * * *
You hit the orc priest but do no damage.
The orc closely misses you. The orc priest barely misses you.
You barely miss the orc priest. The orc misses you.
Casting: Infusion
Confirm with . or Enter, or press ? or * to list all spells.
Your skin crawls.
The orc priest invokes the aid of Beogh against you.
Something smites you!
You die...

# #.#### ### #
#....# # #..#.#
#..#.# #..#.#
#..#.#
########..#.#
.<.I......#.#######
.#######.##.....@o#
.#### #.########o#
....# #.# #o# ###.#
#.# #o# #.# #.# ...
#.# #.# ...
#.####.# .#..#
#...)..# .##.#
######## #. .#


You could see an orc priest and 3 orcs.

Vanquished Creatures
  Grinder (D:4)
  An ice beast (D:5)
  3 ogres
  An iguana (D:4)
  2 hounds (D:5)
  A worker ant (D:4)
  3 gnolls (D:5)
  12 adders
  A giant mite (D:5)
  6 worms
  4 giant geckos
  2 oozes (D:2)
  6 orcs
  17 hobgoblins
  5 jackals
  17 kobolds
  A ball python (D:1)
  11 bats
  2 giant cockroaches
  6 giant newts
  A giant newt zombie (D:5)
  9 goblins
  A goblin zombie (D:5)
  A kobold skeleton (D:4)
  6 rats
  A rat zombie (D:5)
121 creatures vanquished.

Vanquished Creatures (others)
  A spectral weapon (D:5)
1 creature vanquished.

Grand Total: 122 creatures vanquished

Notes
Turn   | Place    | Note
--------------------------------------------------------------
     0 | D:1      | Jenx, the Merfolk Skald, began the quest for the Orb.
     0 | D:1      | Reached XP level 1. HP: 16/16 MP: 3/3
   303 | D:1      | Reached XP level 2. HP: 16/22 MP: 4/4
   565 | D:1      | Learned a level 2 spell: Song of Slaying
  1253 | D:1      | Reached XP level 3. HP: 18/27 MP: 6/6
  1267 | D:1      | Learned a level 3 spell: Regeneration
  1511 | D:2      | Reached skill level 4 in Dodging
  2054 | D:2      | Reached XP level 4. HP: 29/33 MP: 7/7
  3103 | D:3      | Reached skill level 5 in Charms
  3122 | D:3      | Reached XP level 5. HP: 19/38 MP: 9/9
  4183 | D:4      | Noticed an ogre
  4207 | D:4      | Killed an ogre
  4207 | D:4      | Reached skill level 5 in Polearms
  4207 | D:4      | Reached XP level 6. HP: 44/44 MP: 10/10
  4238 | D:4      | Learned a level 3 spell: Spectral Weapon
  4550 | D:4      | Noticed an ogre
  4637 | D:4      | Killed an ogre
  4637 | D:4      | Reached skill level 6 in Polearms
  4947 | D:4      | Noticed Grinder
  5051 | D:4      | Found a staircase to the Ecumenical Temple.
  5060 | Temple   | Entered the Ecumenical Temple
  5154 | Temple   | Became a worshipper of Ashenzari the Shackled
  5507 | D:4      | Paralysed by Grinder for 5 turns
  5526 | D:4      | Killed Grinder
  5526 | D:4      | Reached skill level 7 in Polearms
  5526 | D:4      | Reached XP level 7. HP: 12/52 MP: 3/14
  5797 | D:5      | Entered Level 5 of the Dungeon
  5848 | D:5      | Identified the ring of Megalomania {Str+3 Dex+3}
  5936 | D:5      | Reached skill level 8 in Polearms
  6920 | D:5      | Reached XP level 8. HP: 24/61 MP: 8/16
  7319 | D:5      | Found Emotsim's Magical Wand Shoppe.
  7407 | D:5      | Reached skill level 5 in Fighting
  7435 | D:5      | Killed from afar by an orc priest

Action                   |  1- 3 |  4- 6 |  7- 9 || total
-------------------------+-------+-------+-------++-------
Melee: Spear             |   161 |   400 |   171 ||   732
 Fire: Blowgun           |       |    18 |     2 ||    20
Throw: Dart              |       |     3 |       ||     3
       Tomahawk          |       |       |     1 ||     1
 Cast: Infusion          |     2 |     3 |     6 ||    11
       Regeneration      |       |     2 |     2 ||     4
       Spectral Weapon   |       |     1 |     2 ||     3
       Song of Slaying   |       |       |     1 ||     1
Evoke: Wand              |       |       |     1 ||     1
  Use: Scroll            |       |     6 |     2 ||     8
 Stab: Sleeping          |       |     1 |       ||     1
